 Dungeon Crawl Stone Soup version 0.23.2-40-g277498a001 (webtiles) character file.

Game seed: 520134915149262232

96 Descartes the Skirmisher (level 4, -2/37 HPs)
             Began as a Formicid Abyssal Knight on Sept 29, 2019.
             Was a Follower of Lugonu.
             Slain by Crazy Yiuf
             ... wielding a +4 quarterstaff of chaos
              (6 damage)
             ... on level 2 of the Dungeon.
             The game lasted 00:05:34 (2919 turns).

Descartes the Skirmisher (Formicid Abyssal Knight)  Turns: 2919, Time: 00:05:34

Health: -2/37      AC:  5    Str: 17    XL:     4   Next: 98%
Magic:  4/6        EV: 10    Int: 12    God:    Lugonu [*.....]
Gold:   73         SH:  0    Dex: 16    Spells: 3/3 levels left

rFire    . . .     SeeInvis +   t - -1 flail (curse)
rCold    + . .     Gourm    .   (no shield)
rNeg     . . .     Faith    .   y - +0 ring mail
rPois    .         Spirit   .   (helmet unavailable)
rElec    .         Reflect  .   (no cloak)
rCorr    .         Harm     .   (no gloves)
MR       .....                  (no boots)
Stlth    +.........             w - amulet of inaccuracy (curse)
HPRegen  0.12/turn              u - ring of protection from cold
MPRegen  0.10/turn              g - +6 ring of dexterity

@: heavily drained
A: permanent stasis, dig shafts and tunnels, four strong arms, antennae 3
a: Dig, Shaft Self, Depart the Abyss, Renounce Religion


You were on level 2 of the Dungeon.
You worshipped Lugonu.
Lugonu was aware of your devotion.
You were near starving.

You visited 1 branch of the dungeon, and saw 2 of its levels.
You visited the Abyss 1 time.

You collected 73 gold pieces.

Inventory:

Hand Weapons
 a - a +1 hand axe
 e - a +0 hunting sling
 t - a cursed -1 flail (weapon)
Missiles
 f - 4 poisoned needles
 l - 45 arrows
 s - 6 tomahawks (quivered)
Armour
 y - a +0 ring mail (worn)
Jewellery
 g - a +6 ring of dexterity (right hand)
 u - a ring of protection from cold (left hand)
 w - a cursed amulet of inaccuracy (around neck)
Scrolls
 b - a scroll of identify
 i - a scroll of magic mapping
 x - 3 scrolls of enchant armour
Potions
 h - 2 potions of curing
 k - a potion of agility {unknown}
 m - a potion of heal wounds
 n - a potion of cancellation {unknown}
 o - a potion of resistance
 p - a potion of magic {unknown}
 r - a potion of brilliance {unknown}
Comestibles
 c - 5 rations


   Skills:
 + Level 4.0(2.3) Fighting
 + Level 2.6(1.1) Axes
 + Level 3.0(1.4) Armour
 + Level 1.7(0.2) Dodging
 + Level 3.1(1.5) Invocations


You had 3 spell levels left.
You didn't know any spells.
Your spell library was empty.

Dungeon Overview and Level Annotations

Branches:
Dungeon (2/15)

Altars:

Annotations:
D:2 Crazy Yiuf


Innate Abilities, Weirdness & Mutations

You cannot be hasted, slowed, berserked, paralysed or teleported.
You can dig through walls and to a lower floor.
Your four strong arms can wield two-handed weapons with a shield.
You have a pair of large antennae on your head. (SInv)


Message History

Crazy Yiuf barely misses you. Crazy Yiuf closely misses you.
You closely miss Crazy Yiuf.
Crazy Yiuf is moderately wounded.
Crazy Yiuf hits you with a +4 quarterstaff of chaos.
Crazy Yiuf burns you.
You barely miss Crazy Yiuf.
Crazy Yiuf is moderately wounded.
Crazy Yiuf hits you with a +4 quarterstaff of chaos.
* * * LOW HITPOINT WARNING * * *
You feel your power leaking away.
You sock Crazy Yiuf!
Crazy Yiuf is severely wounded.
Crazy Yiuf hits you with a +4 quarterstaff of chaos.
* * * LOW HITPOINT WARNING * * *
Crazy Yiuf draws strength from your wounds!
You barely miss Crazy Yiuf.
Crazy Yiuf is heavily wounded.
Crazy Yiuf screams, "Flower chair ragdoll!"
Crazy Yiuf hits you with a +4 quarterstaff of chaos.
You die...

#.# ##.###..# #..........).
#.#####..# #..# ####.###.....
#.##.##..###.## #.# #.....
#.#.....#...## #># #.####
#.##.#####.## ####.###.#
#.#...####.# #........#
#..........# #.#...##.#
###...#############.....##.####
##..........@g##......##.....
#.......####.#.....#########
##.####.# #........## #.####.#
#.........# ##### #......#
########### #.... #.######
##### #.# ♣♣♣♣♣### #.# ####
♣♣♣.♣.P..## #.######
#...#♣g.♣.♣P...###


You could see Crazy Yiuf.

Vanquished Creatures
  4 adders (D:2)
  2 oozes
  An adder skeleton (D:2)
  2 leopard geckos
  7 bats
  2 giant cockroaches
  5 goblins
  5 hobgoblins
  3 jackals (D:2)
  A quokka (D:2)
  A ball python (D:1)
  4 frilled lizards
  4 kobolds
  6 rats (D:1)
  2 fungi (D:2)
49 creatures vanquished.

Notes
Turn   | Place    | Note
-------+----------+-------------------------------------------
     0 | Abyss:1  | Descartes the Formicid Abyssal Knight began the quest for
                  | the Orb.
     0 | Abyss:1  | Reached XP level 1. HP: 18/18 MP: 2/2
    35 | Abyss:1  | Found an ornate altar of the Wu Jian Council.
    79 | Abyss:1  | Noticed a raiju
   108 | Abyss:1  | Noticed an anaconda zombie
   110 | D:1      | Escaped the Abyss
   281 | D:1      | Reached skill level 1 in Dodging
   283 | D:1      | Reached XP level 2. HP: 13/24 MP: 3/3
   845 | D:1      | Reached XP level 3. HP: 25/29 MP: 4/4
   848 | D:1      | Reached * piety under Lugonu
  1484 | D:2      | Reached XP level 4. HP: 9/37 MP: 6/6
  2338 | D:2      | Reached skill level 4 in Fighting
  2611 | D:2      | Found a runed translucent door.
  2612 | D:2      | Noticed Crazy Yiuf
  2919 | D:2      | Slain by Crazy Yiuf

Skill      XL: |  1  2  3  4 |
---------------+-------------+-----
Dodging        | 1 |  1.7
Invocations    | 3 |  3.1
Armour         | 3 |  3.0
Fighting       | 4 |  4.0
Axes           | |  2.6

Action                   |  1- 3 |  4- 6 || total
-------------------------+-------+-------++-------
Melee: Hand axe          |    85 |    31 ||   116
       Flail             |       |    88 ||    88
Invok: Depart the Abyss  |     1 |       ||     1
 Abil: Dig               |       |     1 ||     1
  Use: Scroll            |       |     5 ||     5
 Stab: Invisible         |       |     1 ||     1
  Eat: Chunk             |     2 |     3 ||     5
Armor: Leather armour    |    22 |     5 ||    27
       Ring mail         |       |    27 ||    27
Dodge: Dodged            |    62 |    69 ||   131
